 Dungeon Crawl Stone Soup version 0.23-a0-671-g42e8185 (webtiles) character file.

334 zishaf the Charlatan (level 6, 0/37 HPs)
             Began as a Kobold Artificer on Jan 9, 2019.
             Killed from afar by an orc wizard (3 damage)
             ... with a magic dart
             ... on level 3 of the Dungeon.
             The game lasted 00:09:46 (4262 turns).

zishaf the Charlatan (Kobold Artificer)             Turns: 4262, Time: 00:09:47

Health: 0/37       AC:  7    Str: 10    XL:     6   Next: 83%
Magic:  9/9        EV: 14    Int: 18    God:
Gold:   252        SH:  0    Dex: 17    Spells: 5/5 levels left

rFire    . . .     SeeInvis .   a - +0 short sword
rCold    . . .     Gourm    .   (shield restricted)
rNeg     . . .     Faith    .   p - +0 ring mail
rPois    .         Spirit   .   j - +2 hat
rElec    .         Reflect  .   (no cloak)
rCorr    .         Harm     .   (no gloves)
MR       .....                  (no boots)
Stlth    +++.......             w - amulet of rage
HPRegen  0.12/turn              n - +6 ring of intelligence
MPRegen  0.11/turn              s - ring of stealth

@: no status effects
A: small, carnivore
a: Evoke Berserk Rage


You were on level 3 of the Dungeon.
You were very full.

You visited 1 branch of the dungeon, and saw 4 of its levels.

You collected 252 gold pieces.

Inventory:

Hand Weapons
 a - a +0 short sword (weapon)
 b - a +0 hunting sling
Missiles
 l - 109 stones (quivered)
 A - 17 sling bullets
Armour
 j - a +2 hat (worn)
 p - a +0 ring mail (worn)
Jewellery
 n - a +6 ring of intelligence (left hand)
 s - a ring of stealth (right hand)
 w - an amulet of rage (around neck)
Wands
 c - a wand of flame (14)
 d - a wand of enslavement (17)
 e - a wand of random effects (36)
 q - a wand of acid (6)
 v - a wand of iceblast (4)
 y - a wand of clouds (7)
Scrolls
 g - 2 scrolls of remove curse
 h - a scroll of identify
 i - 3 scrolls of teleportation {unknown}
 m - a scroll of fear {unknown}
 u - a scroll of noise {unknown}
 x - a scroll of fog {unknown}
Potions
 k - 2 potions of brilliance
 o - a potion of flight
 r - a potion of curing
 t - 3 potions of lignification
 z - a potion of cancellation
Comestibles
 f - 7 rations
 B - 3 chunks of flesh


   Skills:
 + Level 3.2 Fighting
 + Level 3.8 Short Blades
 + Level 4.1 Dodging
 + Level 4.1 Stealth
 - Level 5.0 Evocations


You had 5 spell levels left.
You didn't know any spells.
Your spell library was empty.

Dungeon Overview and Level Annotations

Branches:
Dungeon (4/15)
 Temple: D:4-7

Altars:
Ashenzari
Dithmenos
Makhleb
Okawaru
Xom
Zin


Innate Abilities, Weirdness & Mutations

You are small and have problems with some larger weapons.
You are carnivorous and can eat meat at any time.


Message History

The magic dart hits you!
You hit something but do no damage. Something hits you.
You miss something. Something hits you.
You hit something. Something hits you.
* * * LOW HITPOINT WARNING * * *
You barely miss something.
You hear some strange, mumbled words.
A puff of flame appears from out of thin air!
The puff of flame hits you!
* * * LOW HITPOINT WARNING * * *
You closely miss something. Something hits you.
* * * LOW HITPOINT WARNING * * *
You closely miss something. Something hits you but does no damage.
Evoke which item? (* to show all) (? for menu, Esc to quit)
Aiming: Corrosive Bolt
Press: ? - help, Shift-Dir - straight line You hear some strange, mumbled words.
A magic dart appears from out of thin air!
The magic dart hits you!
You die...

#.......# #.# #.
#.......####.# ##.
###)...........###..
#.........###......_
#.#'#'##### ##..##..
#.....### #..###.
#.......# #..###.
#####.)..##.######......
#...#..@{.....).........
#...####...###.####.....
#.....##...#...# ######
#...#.##...#.###
#...#......#.########
#...####b..#.#......#
#...##.#.###.#......#
##.....#.....'......#
#####.#######......#


There were no monsters in sight!

Vanquished Creatures
  An ogre (D:3)
  A bullfrog skeleton (D:4)
  An orc priest (D:3)
  A hound (D:4)
  A worker ant (D:4)
  2 adders
  An ooze (D:2)
  An adder skeleton (D:4)
  A worm (D:3)
  2 dart slugs (D:1)
  2 leopard geckos (D:1)
  12 orcs
  3 giant cockroaches
  9 goblins
  11 hobgoblins
  8 jackals
  5 kobolds
  3 quokkas (D:2)
  3 ball pythons
  8 bats
  5 frilled lizards
  11 rats
92 creatures vanquished.

Notes
Turn   | Place    | Note
-------+----------+-------------------------------------------
     0 | D:1      | zishaf the Kobold Artificer began the quest for the Orb.
     0 | D:1      | Reached XP level 1. HP: 12/12 MP: 3/3
   127 | D:1      | Reached XP level 2. HP: 8/16 MP: 4/4
   539 | D:1      | Reached XP level 3. HP: 14/20 MP: 5/5
   725 | D:1      | Reached skill level 4 in Evocations
  1264 | D:2      | Found a shadowy altar of Dithmenos.
  1286 | D:2      | Reached XP level 4. HP: 25/26 MP: 7/7
  1436 | D:2      | Found a shattered altar of Ashenzari.
  1624 | D:2      | Found a burning altar of Makhleb.
  1627 | D:2      | Found a glowing silver altar of Zin.
  1628 | D:2      | Noticed a balrug
  1628 | D:2      | Noticed an angel
  2629 | D:3      | Found an iron altar of Okawaru.
  2641 | D:3      | Reached XP level 5. HP: 7/31 MP: 8/8
  3165 | D:3      | Found a shimmering altar of Xom.
  3447 | D:3      | Noticed an ogre
  3452 | D:3      | Killed an ogre
  3452 | D:3      | Reached XP level 6. HP: 36/36 MP: 9/9
  4016 | D:4      | Reached skill level 5 in Evocations
  4262 | D:3      | Killed from afar by an orc wizard

Vault maps used:
D:1:      dpeg_arrival_three_bigger_balls
D:2:      grunt_temple_overflow_order_and_chaos_2,
          nicolae_dithmenos_shadow_blocks, evilmike_ruin_ashenzari
D:3:      nicolae_overflow_crystal_walls, xom_butterflies, first_ration,
          hangedman_decor_peaks_small
D:4:      lemuel_doored_altar, minmay_misc_feat_five

Skill      XL: |  1  2  3  4  5  6 |
---------------+-------------------+-----
Stealth        | 2 3 4 |  4.1
Short Blades   | 2 3 |  3.8
Evocations     | 4 5 |  5.0
Dodging        | 3 4 |  4.1
Fighting       | 2 3 |  3.2

Action                   |  1- 3 |  4- 6 || total
-------------------------+-------+-------++-------
Melee: Short sword       |   125 |   270 ||   395
 Fire: Hunting sling     |       |    82 ||    82
Throw: Stone             |       |     1 ||     1
Evoke: Wand              |       |     5 ||     5
  Use: Scroll            |       |     6 ||     6
 Stab: Sleeping          |     3 |       ||     3
  Eat: Chunk             |    10 |     8 ||    18
Armor: Leather armour    |    22 |    14 ||    36
       Ring mail         |       |    59 ||    59
Dodge: Dodged            |    96 |   155 ||   251

Table legend:
 A = Non-vault XP
 B = Vault XP
 C = Vault XP percentage of total XP
 D = Non-vault monster count
 E = Vault monster count
 F = Vault count percentage of total count
                 A         B        C        D         E       F
            +---------+---------+-------+---------+---------+-------
      Total |     478 |       0 |   0.0 |      92 |       0 |   0.0
            +---------+---------+-------+---------+---------+-------
        D:1 |      57 |       0 |   0.0 |      34 |       0 |   0.0
        D:2 |      64 |       0 |   0.0 |      27 |       0 |   0.0
        D:3 |     210 |       0 |   0.0 |      18 |       0 |   0.0
        D:4 |     147 |       0 |   0.0 |      13 |       0 |   0.0
            +---------+---------+-------+---------+---------+-------
